 Dungeon Crawl Stone Soup version 0.20.1-1-g8b1a95d (webtiles) character file.

233 pstr the Conjurer (level 6, 0/32 HPs)
             Began as a Kobold Conjurer on Nov 26, 2017.
             Was an Initiate of Vehumet.
             Succumbed to Lanoc's ghost's sting
             ... on level 4 of the Dungeon.
             The game lasted 00:12:08 (4309 turns).

pstr the Conjurer (Kobold Conjurer)                 Turns: 4309, Time: 00:12:08

Health: 0/32       AC:  7    Str: 10    XL:     6   Next: 25%
Magic:  12/12      EV: 13    Int: 24    God:    Vehumet [......]
Gold:   116        SH:  0    Dex: 15    Spells: 10/13 levels left

rFire    . . .     SeeInvis +   h - +1 mace
rCold    . . .     Gourm    .   (shield restricted)
rNeg     . . .     Faith    .   A - +0 ring mail
rPois    .         Spirit   .   d - +2 hat
rElec    .         Reflect  .   (no cloak)
rCorr    +         Harm     .   (no gloves)
MR       .....                  (no boots)
Stlth    ++........             (no amulet)
Regen    0.1/turn               i - ring of resist corrosion
MPRegen  0.2/turn               q - ring of see invisible

@: mighty, brilliant, lethally poisoned (0 -> -6), flying, very slightly
contaminated, invisible
A: carnivore 3
a: Renounce Religion


You were on level 4 of the Dungeon.
You worshipped Vehumet.
Vehumet was noncommittal.
You were very full.

You visited 2 branches of the dungeon, and saw 5 of its levels.

You collected 116 gold pieces.

Inventory:

Hand Weapons
 h - a +1 mace (weapon)
Missiles
 j - 90 stones (quivered)
 u - 25 arrows
Armour
 a - a +0 robe
 d - a +2 hat (worn)
 f - a -1 leather armour
 n - a +2 helmet
 A - a +0 ring mail (worn)
Jewellery
 i - a ring of resist corrosion (left hand)
 q - a ring of see invisible (right hand)
Wands
 o - a wand of polymorph (7/24)
Scrolls
 g - a scroll of magic mapping
 l - a scroll of identify
 p - a scroll of enchant armour
 r - a scroll of enchant weapon
 t - a scroll of teleportation
Potions
 k - a potion of haste
Books
 b - a book of Conjurations

   Spells                             Type                      Level
   a - Magic Dart                     Conjuration                  1
   b - Searing Ray                    Conjuration                  2
   c - Dazzling Spray                 Conjuration/Hexes            3
   d - Fulminant Prism                Conjuration/Hexes            4
   e - Force Lance                    Conjuration/Translocation    4
   f - Iskenderun's Mystic Blast      Conjuration                  4
Comestibles
 c - 5 meat rations
 m - a royal jelly


   Skills:
 + Level 0.2 Fighting
 + Level 0.5 Maces & Flails
 + Level 0.4 Armour
 + Level 3.0 Dodging
 + Level 3.4 Stealth
 + Level 4.0 Spellcasting
 + Level 5.5 Conjurations


You had 10 spell levels left.
You knew the following spells:

 Your Spells              Type           Power        Failure   Level  Hunger
a - Magic Dart            Conj           ####         1%          1    None
b - Searing Ray           Conj           #####.       1%          2    #......


Dungeon Overview and Level Annotations

Branches:
Dungeon (4/15)             Temple (1/1) D:4

Altars:
Ashenzari
Cheibriados
Dithmenos
Elyvilon
Fedhas
Gozag
Hepliaklqana
Kikubaaqudgha
Makhleb
Nemelex Xobeh
Okawaru
Qazlal
Ru
Sif Muna
Trog
Uskayaw
Vehumet
Xom
Yredelemnul
Zin
The Shining One

Shops:
D:4 }

Annotations:
D:4 Lanoc's ghost, amateur FoVM


Innate Abilities, Weirdness & Mutations

You are small and have problems with some larger weapons.
You are carnivorous and can eat meat at any time.


Message History

You fly up into the air.
It was a potion of might.
You feel very mighty all of a sudden.
* * * LOW HITPOINT WARNING * * *
You feel sick.
* * * LOW HITPOINT WARNING * * *
You feel sick.
You closely miss Lanoc's ghost.
Lanoc's ghost is lightly damaged.
Lanoc's ghost casts a spell at you. The sting misses you.
You sock Lanoc's ghost!
Lanoc's ghost is heavily damaged.
* * * LOW HITPOINT WARNING * * *
You feel sick. Lanoc's ghost misses you.
Lanoc's ghost gestures at you while chanting.
The sting misses you.
You sock Lanoc's ghost!
Lanoc's ghost is severely damaged.
You die...

+.......'......##.#.....∩....##.
#.......#####'###......⌠.⌠......
#...................W...........
#####.#######..################.
#.#######..# #. #.##....#..## #.
.#####.##....#...# #.
.............#..W## #.
######.####.###.@.# #.
.........##.# #.#.# #.
######.#.##.# #...# #. #.#.##.#
##..## #. #.#)##.# #...# #.
######.#.##.# #.#.#############.
.......#.##.# #.........†.......
########.##.# ##...#############
..........#.# #.....##


You could see Lanoc's ghost.

Vanquished Creatures
  2 worker ants (D:4)
  8 gnolls
  4 adders
  2 oozes
  A dart slug (D:2)
  2 leopard geckos
  A ball python (D:2)
  2 giant cockroaches
  5 goblins
  7 hobgoblins
  5 jackals
  A quokka (D:4)
  6 bats
  8 frilled lizards
  6 kobolds
  9 rats
69 creatures vanquished.

Notes
Turn   | Place    | Note
-------+----------+-------------------------------------------
     0 | D:1      | pstr the Kobold Conjurer began the quest for the Orb.
     0 | D:1      | Reached XP level 1. HP: 10/10 MP: 3/3
   494 | D:1      | Reached XP level 2. HP: 15/15 MP: 0/5
   498 | D:1      | Learned a level 2 spell: Searing Ray
   904 | D:1      | Found a glowing golden altar of the Shining One.
  1092 | D:1      | Reached XP level 3. HP: 19/19 MP: 4/6
  1242 | D:2      | Found an opulent altar of Gozag.
  1319 | D:2      | Found an iron altar of Okawaru.
  1757 | D:2      | Found a shattered altar of Ashenzari.
  2041 | D:3      | Reached XP level 4. HP: 24/24 MP: 2/7
  2407 | D:3      | Reached skill level 5 in Conjurations
  2423 | D:4      | Found Kiychijo's Gadget Shop.
  2540 | D:4      | Reached XP level 5. HP: 28/28 MP: 3/9
  2614 | D:4      | Found a staircase to the Ecumenical Temple.
  2625 | Temple   | Entered the Ecumenical Temple
  2651 | Temple   | Became a worshipper of Vehumet
  3381 | D:3      | Reached XP level 6. HP: 27/32 MP: 4/11
  3515 | D:3      | Found a deep blue altar of Sif Muna.
  3516 | D:3      | Found a blossoming altar of Fedhas.
  3517 | D:3      | Found a sacrificial altar of Ru.
  3520 | D:3      | Found a bloodstained altar of Trog.
  3603 | D:3      | Found a hazy altar of Hepliaklqana.
  3699 | D:3      | Found a glowing silver altar of Zin.
  3699 | D:3      | Found a stormy altar of Qazlal.
  4092 | D:4      | Noticed Lanoc's ghost (amateur FoVM)
  4308 | D:4      | HP: 1/32 [poisoned by Lanoc's ghost (sting)]
  4309 | D:4      | Succumbed to Lanoc's ghost's sting

Skill      XL: |  1  2  3  4  5  6 |
---------------+-------------------+-----
Stealth        | 3 |  3.4
Conjurations   | 5 |  5.5
Spellcasting   | 3 4 |  4.0
Dodging        | 3 |  3.0
Fighting       | |  0.2
Maces & Flails | |  0.5
Armour         | |  0.4

Action                   |  1- 3 |  4- 6 || total
-------------------------+-------+-------++-------
Melee: Mace              |       |    10 ||    10
 Cast: Magic Dart        |    62 |    46 ||   108
       Searing Ray       |     5 |    17 ||    22
  Use: Potion            |       |     8 ||     8
       Scroll            |       |     8 ||     8
  Eat: Chunk             |     7 |    11 ||    18
Armor: Robe              |     6 |     3 ||     9
       Leather armour    |       |     4 ||     4
       Ring mail         |       |     3 ||     3
Dodge: Dodged            |     4 |    34 ||    38
